Map: Frost LE

Players

IIIIIIIIIIII

  • Race: Terran Terran

Nickos - Winner!

  • Race: Terran Terran
  • League: Gold

VOD

Have the link to the VOD?

Description

Time

  • Played on: Oct. 3, 2016, 12:41 a.m.
  • Length: 10:44
Show
View Real Time Build Order
Export as new Build Order

IIIIIIIIIIII Terran 

Build Orders: MMM Bio 

Get SALT Encoding   

  12  0:01  SCV  
  13  0:13  SCV  
  14  0:17  Supply Depot  
  14  0:25  SCV  
  15  0:44  Barracks  
  15  0:47  Refinery  
  15  0:48  SCV  
  16  1:00  SCV  
  17  1:05  Barracks  
  17  1:12  SCV  
  18  1:25  SCV  
  19  1:37  SCV  
  19  1:39  Bunker  
  20  1:40  Barracks Reactor  
  20  1:52  Barracks Tech Lab  
  21  1:59  Orbital Command  
  21  2:00  Refinery  
  20  2:11  Marine  
  21  2:19  Stimpack  
  21  2:21  Marine x2  
  23  2:39  Supply Depot  
  23  2:40  Supply Depot  
  23  3:00  SCV, Marine x2  
  26  3:13  SCV  
  26  3:18  Barracks  
  27  3:25  SCV  
  28  3:34  Marine  
  28  3:36  Marine  
  28  3:37  Marine, SCV  
  31  3:43  Command Center  
  31  3:51  Marine  
  31  3:53  Marine  
  31  3:55  Marine  
  34  4:09  Factory  
  34  4:13  Barracks Reactor  
  34  4:14  Marine  
  34  4:16  Marine x2  
  37  4:25  Supply Depot  
  37  4:29  Supply Depot  
  37  4:34  Marine  
  37  4:35  Marine  
  39  4:47  Marine  
  39  4:49  Combat Shields  
  39  4:51  Marine  
  39  4:52  Marine  
  42  5:08  Marine  
  42  5:09  Marine x2  
  45  5:15  Orbital Command  
  45  5:25  Starport  
  45  5:29  Marine  
  45  5:32  Marine  
  47  5:44  SCV  
  48  5:52  Engineering Bay, Marine  
  48  5:53  Marine  
  48  5:56  SCV  
  51  6:08  SCV  
  51  6:10  Marine x2  
  51  6:11  Marine  
  55  6:25  Missile Turret  
  55  6:31  Missile Turret  
  55  6:34  SCV  
  55  6:39  Starport Reactor  
  56  6:46  SCV  
  57  6:54  Marine x2  
  57  6:55  Marine x2  
  57  6:58  SCV  
  62  7:01  Factory  
  62  7:07  Terran Infantry Weapons Level 1  
  62  7:11  Marine  
  62  7:12  Marine x3  
  62  7:13  Marine  
  67  7:28  Marine, SCV  
  69  7:30  Marine  
  69  7:35  Marine x3  
  73  7:38  Supply Depot  
  73  7:40  SCV  
  73  7:41  Medivac  
  76  7:46  Marine  
  76  7:47  Marine  
  78  8:00  SCV, Marine x2  
  81  8:05  Marine  
  81  8:07  Medivac  
  84  8:18  Marine  
  85  8:31  Missile Turret, SCV  
  86  8:37  Supply Depot  
  86  8:42  Supply Depot  
  86  8:57  Medivac x2, SCV  
  91  9:04  Factory Reactor  
  91  9:09  SCV  
  92  9:11  Fusion Core  
  92  9:13  Starport  
  92  9:20  Armory  
  92  9:21  SCV, Marine x2  
  92  9:22  Marine x3  
  98  9:27  Medivac x2  
  102  9:33  SCV  
  103  9:39  Marine x5  
  108  9:50  Supply Depot x2  
  108  9:56  Marine  
  108  9:57  Medivac, Marine x4  
  115  10:00  Refinery  
  115  10:02  Refinery  
  115  10:07  Starport Tech Lab  
  115  10:08  Starport  
  115  10:11  Engineering Bay  
  115  10:14  Supply Depot, Marine x2  
  115  10:15  Marine x3  
Show
View Real Time Build Order
Export as new Build Order

Nickos Terran - Winner!

Build Orders: MMM Bio 

Get SALT Encoding   

  12  0:01  SCV  
  13  0:13  SCV  
  14  0:21  Supply Depot  
  14  0:25  SCV  
  16  0:42  SCV  
  16  0:44  Barracks  
  16  0:55  SCV  
  17  1:07  SCV  
  18  1:19  Command Center  
  18  1:24  SCV  
  19  1:31  Marine  
  20  1:36  Orbital Command  
  20  1:43  Supply Depot  
  20  1:49  Marine  
  21  2:02  SCV  
  21  2:06  Barracks  
  22  2:11  Marine  
  22  2:14  SCV  
  24  2:17  Barracks  
  24  2:26  SCV  
  24  2:29  Marine  
  26  2:31  Orbital Command  
  26  2:37  Refinery  
  26  2:39  Refinery  
  26  2:42  SCV  
  27  2:53  Marine  
  27  2:54  Marine, SCV  
  30  3:02  SCV  
  31  3:09  Barracks Tech Lab  
  31  3:11  SCV  
  32  3:16  Marine x2  
  32  3:18  SCV  
  35  3:30  SCV  
  35  3:31  Marine  
  35  3:33  Bunker, Stimpack  
  35  3:34  Marine x2  
  36  3:35  SCV  
  39  3:45  SCV  
  40  3:48  SCV  
  41  3:56  Marine x3  
  41  3:57  Factory  
  41  3:58  SCV  
  41  4:01  SCV  
  46  4:23  Supply Depot  
  46  4:45  Starport, SCV x2, Marine x3  
  51  4:57  Factory Reactor, SCV  
  52  5:01  Supply Depot  
  52  5:05  Supply Depot  
  54  5:12  Barracks Reactor, SCV x2  
  54  5:18  Command Center  
  54  5:19  Barracks Reactor  
  54  5:22  Marine  
  54  5:24  SCV x2  
  57  5:35  Combat Shields  
  57  5:36  SCV  
  57  5:41  Marine  
  57  5:42  SCV  
  60  5:48  SCV  
  60  5:49  Marine x2  
  63  5:54  Supply Depot, SCV  
  64  5:57  Supply Depot  
  64  6:00  SCV  
  64  6:01  Engineering Bay  
  64  6:02  Engineering Bay  
  65  6:04  Marine x3  
  65  6:06  SCV  
  69  6:14  Marine  
  69  6:15  Medivac x2, Marine  
  75  6:22  Marine  
  75  6:25  Barracks x2  
  76  6:26  Barracks  
  76  6:30  Marauder  
  78  6:35  Orbital Command  
  78  6:42  Marine x3  
  78  6:43  Marine  
  82  6:48  Medivac x2  
  86  6:56  Marine  
  86  6:59  SCV  
  86  7:00  SCV x2  
  90  7:11  Marine x4  
  90  7:13  Barracks Reactor  
  90  7:14  Barracks Reactor x2  
  94  7:16  Marine  
  94  7:17  Medivac  
  94  7:18  SCV x2  
  94  7:19  SCV  
  100  7:28  Marine  
  101  7:30  Terran Infantry Weapons Level 1, SCV  
  102  7:40  Command Center  
  102  7:42  Marine x2  
  102  7:43  Marine  
  105  7:50  Marine x3  
  105  7:51  Marine x4  
  108  7:58  Medivac x2  
  113  8:05  Barracks x2  
  115  8:12  Barracks  
  115  8:26  SCV x2  
  115  8:27  Marine x2, SCV  
  118  8:28  Marine x5  
  118  8:30  Barracks x2, Terran Infantry Armor Level 1  
  118  8:31  Barracks  
  125  8:38  Armory  
  125  8:52  SCV x3, Marine x6  
  125  8:53  Barracks x2  
  125  8:54  Orbital Command, Barracks  
  134  9:05  Marine x3  
  134  9:06  Marine x2  
  134  9:09  Marine  
  140  9:24  Barracks Reactor  
  140  9:25  Barracks Tech Lab  
  140  9:32  Marine x6  
  140  9:33  Medivac x2, Marine x6  
  156  9:59  Marine x6  
  164  10:00  Marine x7, Supply Depot, SCV x3  
  164  10:01  Supply Depot x2  
  164  10:03  Supply Depot  
  172  10:22  Marine x8  
  172  10:23  Marine x5  
  172  10:24  Marine x2  
Tags
 
Composition
MMM BioMMM Bio
League
Gold
Matchup
TvT
Race
Terran
Replay Pack
Nickos replay
Add a new tag
Caveats
  • Supply blocks, unpowered buildings, or Contaminate may cause inaccurate times.
  • Supply counts are checked every 10 seconds.